 Dungeon Crawl Stone Soup version 0.17.1-1-g73c8601 (webtiles) character file.

241 Nakatomy the Chopper (level 5, -5/47 HPs)
             Began as a Minotaur Berserker on Dec 29, 2015.
             Was a Believer of Trog.
             Slain by Andry07's ghost (10 damage)
             ... on level 4 of the Dungeon.
             The game lasted 00:09:05 (3240 turns).

Nakatomy the Chopper (Minotaur Berserker)           Turns: 3240, Time: 00:09:05

Health: -5/47      AC:  2    Str: 23    XL:     5   Next: 80%
Magic:  4/4        EV: 12    Int:  4    God:    Trog [**....]
Gold:   143        SH:  0    Dex:  9    Spells: 0 memorised, 4 levels left

rFire  + . .     SeeInvis .     a - +0 hand axe
rCold  + . .     Clarity  .     b - +0 animal skin
rNeg   + . .     SustAt   .     (no shield)
rPois  .         Gourm    .     (helmet restricted)
rElec  .         Spirit   .     (no cloak)
rCorr  .         Warding  +     (no gloves)
rMut   .         Stasis   .     (no boots)
MR     ++...                    r - amulet of warding
Stlth  +.........               u - ring of protection from cold
                                p - ring of protection from fire

@: exhausted, regenerating, very resistant to hostile enchantments, very
unstealthy
A: retaliatory headbutt, horns 2
a: Berserk, Trog's Hand, Burn Spellbooks, Renounce Religion


You were on level 4 of the Dungeon.
You worshipped Trog.
Trog was pleased with you.
You were very hungry.

You visited 1 branch of the dungeon, and saw 4 of its levels.

You collected 143 gold pieces.

Inventory:

Hand Weapons
 a - a +0 hand axe (weapon)
Armour
 b - a +0 animal skin (worn)
Jewellery
 p - a ring of protection from fire (left hand)
 r - an amulet of warding (around neck)
 u - a ring of protection from cold (right hand)
 C - a cursed -2 ring of evasion {unknown}
Scrolls
 e - 2 scrolls of random uselessness {unknown}
 f - 2 scrolls of blinking {unknown}
 g - a scroll of enchant armour {unknown}
 i - 2 scrolls of identify {unknown}
 j - 3 scrolls of remove curse {unknown}
 s - a scroll of fog {unknown}
 v - a scroll of teleportation {unknown}
 y - a scroll of enchant weapon {unknown}
 A - a scroll of fear {unknown}
Potions
 h - a potion of lignification {unknown}
 k - a potion of degeneration {unknown}
 l - a potion of flight {unknown}
 m - a potion of haste
 n - 2 potions of heal wounds {unknown}
 q - a potion of might {unknown}
 t - 2 potions of curing {unknown}
 w - a potion of brilliance {unknown}
Comestibles
 c - 4 bread rations
 d - a royal jelly
 o - 3 fruits
 x - 2 beef jerkies
 z - a meat ration


   Skills:
 + Level 4.8 Fighting
 * Level 7.2 Axes
 - Level 2.4 Armour
 - Level 2.1 Dodging


You had 4 spell levels left.
You didn't know any spells.

Dungeon Overview and Level Annotations

Branches:
Dungeon (4/15)             Temple (0/1) D:4

Altars:
Elyvilon
Kikubaaqudgha
Makhleb

Annotations:
D:4 Andry07's ghost, amateur VSFi


Innate Abilities, Weirdness & Mutations

You reflexively headbutt those who attack you in melee.
You have a pair of horns on your head.


Message History

Andry07's ghost hits you!
* * * LOW HITPOINT WARNING * * *
Drink which item? (? for menu, Esc to quit)
Okay, then.
Unknown command.
Unknown command.
Unknown command.
Okay, then.
Unknown command.
Okay, then.
Unknown command.
Your skin crawls.
You feel resistant to hostile enchantments.
You feel slightly more hungry. Andry07's ghost hits you.
* * * LOW HITPOINT WARNING * * *
Andry07's ghost barely misses you.
You feel yourself speed up.
Andry07's ghost says, "Live by the sword, die by the sword."
Andry07's ghost hits you!
You die...

P.....##†...........
........###.#######.
.P.......##..##
.........###..#
.........####.#
(....###...##.#### .....#
###.##....#### ........
#...###....########
.....##.####.#
#@........... .....##.##
#.###W...######## ...
.....##....#........)).##
##..
....................##).##
#..##
......#######<[..>..#....#
#.... .P.. #####...#....##
#.... #...##....###....
#########..).....
...........[.<...


You could see Andry07's ghost.

Vanquished Creatures
  An ogre (D:4)
  An orc wizard (D:4)
  A worker ant (D:4)
  3 adders
  An ooze (D:3)
  A worm (D:3)
  A giant gecko (D:2)
  9 orcs
  8 giant cockroaches
  6 goblins
  4 hobgoblins
  2 jackals (D:2)
  2 ball pythons
  2 bats
  3 giant newts
  9 kobolds
  2 quokkas (D:3)
  8 rats
64 creatures vanquished.

Notes
Turn   | Place    | Note
--------------------------------------------------------------
     0 | D:1      | Nakatomy the Minotaur Berserker began the quest for the Orb.
     0 | D:1      | Reached XP level 1. HP: 19/19 MP: 0/0
    90 | D:1      | Reached skill level 4 in Axes
   332 | D:1      | Reached XP level 2. HP: 17/26 MP: 1/1
  1148 | D:2      | Found an ancient bone altar of Kikubaaqudgha.
  1289 | D:2      | Reached skill level 5 in Axes
  1289 | D:2      | Reached XP level 3. HP: 31/31 MP: 2/2
  1477 | D:2      | Found a burning altar of Makhleb.
  1477 | D:2      | Noticed an Executioner
  1481 | D:2      | Noticed a ynoxinul
  1481 | D:2      | Noticed a hellwing
  1674 | D:2      | You fall through a shaft!
  1679 | D:3      | Reached ** piety under Trog
  2168 | D:3      | Found a white marble altar of Elyvilon.
  2378 | D:3      | Reached XP level 4. HP: 28/39 MP: 3/3
  2765 | D:3      | Reached skill level 6 in Axes
  2873 | D:4      | Noticed an ogre
  2878 | D:4      | Killed an ogre
  2878 | D:4      | Reached XP level 5. HP: 47/47 MP: 4/4
  2881 | D:4      | Reached skill level 7 in Axes
  3179 | D:4      | Reached *** piety under Trog
  3188 | D:4      | Found a staircase to the Ecumenical Temple.
  3214 | D:4      | Noticed Andry07's ghost (amateur VSFi)
  3237 | D:4      | HP: 1/47 [Andry07's ghost (14)]
  3240 | D:4      | Slain by Andry07's ghost

Action                   |  1- 3 |  4- 6 || total
-------------------------+-------+-------++-------
Melee: Hand axe          |    85 |    37 ||   122
Invok: Berserk           |     3 |     2 ||     5
       Trog's Hand       |       |     1 ||     1
  Eat: Chunk             |     8 |     3 ||    11
